 Dungeon Crawl Stone Soup version 0.20-a0-1122-gb7cbeb9 (webtiles) character file.

670 mopl the Sneak (level 7, -8/46 HPs)
             Began as a Demonspawn Enchanter on May 13, 2017.
             Shot with an arrow by a centaur (11 damage)
             ... on level 5 of the Dungeon.
             The game lasted 00:12:38 (5656 turns).

mopl the Sneak (Demonspawn Enchanter)               Turns: 5656, Time: 00:12:39

Health: -8/46      AC:  3    Str:  8    XL:     7   Next: 32%
Magic:  8/11       EV: 15    Int: 16    God:
Gold:   330        SH:  0    Dex: 16    Spells: 3/12 levels left

rFire    . . .     SeeInvis +   a - +1 dagger
rCold    . . .     Gourm    .   (no shield)
rNeg     . . .     Faith    .   y - +0 robe
rPois    .         Spirit   .   (no helmet)
rElec    .         Reflect  .   i - +0 cloak {+Inv}
rCorr    .         Harm     .   (no gloves)
MR       .....                  (no boots)
Stlth    +++.......             (no amulet)
Regen    0.2/turn               e - ring of see invisible
MPRegen  0.2/turn               (no ring)

@: no status effects
A: repulsion field 2, demonic guardian 1
a: Evoke Invisibility


You were on level 5 of the Dungeon.
You were not hungry.

You visited 2 branches of the dungeon, and saw 6 of its levels.

You collected 330 gold pieces.

Inventory:

Hand Weapons
 a - a +1 dagger (weapon)
 b - a +0 blowgun
Missiles
 w - 4 javelins (quivered)
 x - 27 poisoned needles
Armour
 i - a +0 cloak of invisibility (worn)
 y - a +0 robe (worn)
Jewellery
 e - a ring of see invisible (left hand)
Scrolls
 g - a scroll of fog {unknown}
 k - a scroll of blinking {unknown}
 l - a scroll of enchant armour {unknown}
 r - 4 scrolls of teleportation {unknown}
 z - 2 scrolls of random uselessness {unknown}
 A - a scroll of recharging {unknown}
 D - a scroll of fear {unknown}
Potions
 f - a potion of berserk rage {!q}
 m - 3 potions of ambrosia {unknown}
 o - 3 potions of heal wounds
 p - 2 potions of haste {unknown}
 q - a potion of brilliance
 s - 2 potions of flight {unknown}
 u - 2 potions of resistance {unknown}
 v - a potion of might
 B - a potion of curing
 C - a potion of mutation {!q}
Books
 c - a book of Maledictions

   Spells                             Type                      Level
   a - Corona                         Hexes                        1
   b - Ensorcelled Hibernation        Hexes/Ice                    2
   c - Confuse                        Hexes                        3
   d - Tukima's Dance                 Hexes                        3
   e - Dazzling Spray                 Conjuration/Hexes            3
Comestibles
 d - 5 bread rations
 h - 3 meat rations
 n - 5 royal jellies


   Skills:
 + Level 2.3 Short Blades
 - Level 1.7 Dodging
 * Level 5.0 Stealth
 + Level 3.0 Spellcasting
 * Level 4.8 Hexes
 * Level 3.9 Evocations


You had 3 spell levels left.
You knew the following spells:

 Your Spells              Type           Power        Failure   Level  Hunger
a - Corona                Hex            ###....      2%          1    #......
b - Ensorcelled Hibernat  Hex/Ice        ##....       11%         2    ##.....
c - Confuse               Hex            ###.....     8%          3    ###....
d - Tukima's Dance        Hex            ###.....     8%          3    ###....


Dungeon Overview and Level Annotations

Branches:
Dungeon (5/15)             Temple (1/1) D:4

Altars:
Ashenzari
Cheibriados
Dithmenos
Elyvilon
Fedhas
Hepliaklqana
Kikubaaqudgha
Nemelex Xobeh
Okawaru
Qazlal
Sif Muna
Trog
Uskayaw
Vehumet
Wu Jian
Xom
Yredelemnul
The Shining One


Innate Abilities, Weirdness & Mutations

You are surrounded by a moderate repulsion field. (EV +3)
A weak demonic guardian rushes to your aid.


Message History

You hit the centaur.
The centaur is severely wounded.
The centaur barely misses you.
Your shadow imp barely misses the centaur.
The centaur hits you but does no damage.
You hit the centaur.
The centaur is severely wounded.
The centaur hits you.
* * * LOW HITPOINT WARNING * * *
Your shadow imp hits the centaur.
You barely miss the centaur.
The centaur is almost dead.
The centaur hits you!
* * * LOW HITPOINT WARNING * * *
Your shadow imp barely misses the centaur.
The centaur hits your shadow imp.
The centaur wields an uncursed shortbow.
The centaur shoots an arrow.
The arrow misses your shadow imp. The arrow hits you!
You die...

.##.##.##._###....#########
#.##.##.#### ##.#...<.....#
##..###..# #.#########.#
##### #### #># ##.# #.#
##'## ##.# #.# ##...##
##.####.# ##...c.##
........# ##....5..##
##.#...####....(@...#
..........'.........+
##.....####.........#.
###..## ##........... #.##
##(....#.#.# #.# ##...##.#
.. #.# ##'## # . #.# #.#
#.##########.#


You could see a centaur and a friendly shadow imp.

Vanquished Creatures
  A sky beast (D:5)
  2 ogres
  A bullfrog (D:5)
  2 crimson imps (D:5)
  A centaur skeleton (D:4)
  An iguana (D:5)
  2 worker ants
  5 adders
  4 gnolls
  2 adder skeletons
  4 worms
  3 dart slugs
  3 leopard geckos
  3 orcs
  7 bats
  4 giant cockroaches
  10 goblins
  8 hobgoblins
  3 quokkas
  7 frilled lizards
  12 kobolds
  2 quokka zombies (D:5)
  5 rats
92 creatures vanquished.

Notes
Turn   | Place    | Note
-------+----------+-------------------------------------------
     0 | D:1      | mopl the Demonspawn Enchanter began the quest for the Orb.
     0 | D:1      | Reached XP level 1. HP: 13/13 MP: 3/3
    77 | D:1      | Reached skill level 1 in Short Blades
   372 | D:1      | Gained mutation: You are surrounded by a mild repulsion field. (EV +2) [demonic ancestry]
   372 | D:1      | Reached XP level 2. HP: 19/19 MP: 5/5
   510 | D:1      | Learned a level 2 spell: Ensorcelled Hibernation
   823 | D:1      | Reached skill level 3 in Stealth
  1046 | D:1      | Reached skill level 1 in Evocations
  1094 | D:2      | Found a deep blue altar of Sif Muna.
  1269 | D:2      | Gained mutation: You are surrounded by a moderate repulsion field. (EV +3) [demonic ancestry]
  1269 | D:2      | Reached XP level 3. HP: 18/24 MP: 2/6
  2231 | D:3      | Found a shimmering altar of Xom.
  2242 | D:3      | Reached XP level 4. HP: 27/30 MP: 7/7
  2312 | D:3      | Learned a level 3 spell: Confuse
  2501 | D:3      | Found a shadowy altar of Dithmenos.
  2585 | D:3      | Reached skill level 2 in Evocations
  2933 | D:3      | Reached XP level 5. HP: 26/35 MP: 3/8
  3177 | D:4      | Reached skill level 4 in Stealth
  3253 | D:4      | Found a staircase to the Ecumenical Temple.
  3302 | Temple   | Entered the Ecumenical Temple
  3578 | D:4      | Reached skill level 4 in Hexes
  3642 | D:4      | Noticed a phantom
  4105 | D:5      | Entered Level 5 of the Dungeon
  4122 | D:5      | Found a shattered altar of Ashenzari.
  4173 | D:5      | Learned a level 3 spell: Tukima's Dance
  4298 | D:5      | Reached skill level 3 in Evocations
  4298 | D:5      | Reached XP level 6. HP: 40/41 MP: 8/10
  4624 | D:4      | Reached skill level 2 in Short Blades
  4905 | D:5      | Noticed a sky beast
  5224 | D:5      | Killed a sky beast
  5224 | D:5      | Reached skill level 3 in Spellcasting
  5224 | D:5      | Gained mutation: A weak demonic guardian rushes to your aid. [demonic ancestry]
  5224 | D:5      | Reached XP level 7. HP: 45/46 MP: 6/11
  5228 | D:5      | Reached skill level 5 in Stealth
  5451 | D:5      | Found a sparkling altar of Nemelex Xobeh.
  5502 | D:5      | Found a glowing golden altar of the Shining One.
  5502 | D:5      | Found an ancient bone altar of Kikubaaqudgha.
  5602 | D:5      | Found an ornate altar of the Wu Jian Council.
  5656 | D:5      | Shot with an arrow by a centaur

Vault maps used:
D:1:      scummos_arrival_simple_crosswalls
D:2:      lemuel_crystal_altar, first_bread
D:3:      overflow_temple_1_default, xom_teletrap_fun, minivault_5,
          kennysheep_generic_room_12
D:4:      minmay_temple_entry_grid
D:5:      marbit_many_paths, gammafunk_temple_overflow_claw, lemuel_round_altar,
          serial_bayou_ford_a
Temple:   compressed_dpeg_circular_temple

Skill      XL: |  1  2  3  4  5  6  7 |
---------------+----------------------+-----
Short Blades   | 1 2 |  2.3
Stealth        | 3 4 5 |  5.0
Evocations     | 1 2 3 |  3.9
Hexes          | 4 |  4.8
Spellcasting   | 3 |  3.0
Dodging        | |  1.7

Action                   |  1- 3 |  4- 6 |  7- 9 || total
-------------------------+-------+-------+-------++-------
Melee: Dagger            |   192 |   255 |    72 ||   519
 Cast: Corona            |     6 |     1 |       ||     7
       Ensorcelled Hiber |     4 |    19 |     6 ||    29
       Confuse           |       |     7 |       ||     7
 Abil: Evoke Invisibilit |     3 |     9 |     1 ||    13
  Use: Scroll            |       |     5 |       ||     5
       Potion            |       |     1 |       ||     1
 Stab: Sleeping          |    10 |    14 |     2 ||    26
       Invisible         |     4 |    10 |     2 ||    16
       Distracted        |     1 |       |       ||     1
  Eat: Chunk             |     5 |    11 |     2 ||    18
       Fruit             |       |     2 |       ||     2
       Royal jelly       |       |     1 |     1 ||     2
Armor: Robe              |    27 |    21 |     9 ||    57
Dodge: Dodged            |   102 |   191 |    43 ||   336
